 Dungeon Crawl Stone Soup version 0.25-a0-265-g7af84ae0ac (webtiles) character file.

Game seed: 13214978682887896756, levelgen mode: classic

47 Borgoz the Skirmisher (level 3, 0/33 HPs)
             Began as a Hill Orc Fighter on Dec 7, 2019.
             Was an Initiate of Okawaru.
             Succumbed to an adder's poison
             ... on level 2 of the Dungeon.
             The game lasted 00:01:13 (1069 turns).

Borgoz the Skirmisher (Hill Orc Fighter)            Turns: 1069, Time: 00:01:13

Health: 0/33       AC:  7    Str: 24    XL:     3   Next: 70%
Magic:  3/3        EV:  8    Int:  8    God:    Okawaru [......]
Gold:   33         SH:  9    Dex: 10    Spells: 2/2 levels left

rFire    . . .     SeeInvis .   a - +0 war axe
rCold    . . .     Gourm    .   c - +0 shield
rNeg     . . .     Faith    .   b - +0 scale mail
rPois    .         Spirit   .   (no helmet)
rElec    .         Reflect  .   (no cloak)
rCorr    .         Harm     .   (no gloves)
MR       .....                  (no boots)
Stlth    ..........             (no amulet)
HPRegen  0.11/turn              (no ring)
MPRegen  0.08/turn              (no ring)

@: mighty, lethally poisoned (0 -> -8)
A: no striking features
a: Renounce Religion


You were on level 2 of the Dungeon.
You worshipped Okawaru.
Okawaru was noncommittal.
You were hungry.

You visited 1 branch of the dungeon, and saw 2 of its levels.

You collected 33 gold pieces.

Inventory:

Hand Weapons
 a - a +0 war axe (weapon)
Armour
 b - a +0 scale mail (worn)
 c - a +0 shield (worn)
Scrolls
 e - 3 scrolls of teleportation {unknown}
 h - 3 scrolls of identify {unknown}
 j - a scroll of amnesia {unknown}
 k - a scroll of fear {unknown}
Comestibles
 f - a ration


   Skills:
 + Level 4.0 Fighting
 + Level 3.4 Axes
 + Level 3.7 Armour
 + Level 0.9 Dodging
 + Level 3.7 Shields


You had 2 spell levels left.
You didn't know any spells.
Your spell library was empty.

Dungeon Overview and Level Annotations

Branches:
Dungeon (2/15)

Altars:
Fedhas
Okawaru


Message History

You block the adder's attack. The jackal barely misses you.
You closely miss the adder.
The adder is almost dead.
You hit the adder. You closely miss the jackal.
* * * LOW HITPOINT WARNING * * *
You feel sick. The adder closely misses you. The adder barely misses you.
You block the jackal's attack. The adder bites you.
* * * LOW HITPOINT WARNING * * *
The adder bites you but does no damage. The jackal closely misses you.
You hit the adder.
You kill the adder!
Okawaru accepts your kill.
You closely miss the adder. You slash the jackal!
You kill the jackal!
Okawaru accepts your kill.
* * * LOW HITPOINT WARNING * * *
You feel sick.
The adder bites you but does no damage. x2
You miss the adder.
The adder is severely wounded.
You die...

..##.#...#.≈.≈≈.... ..
..#.#..##≈.≈≈≈≈.# ....
##......##)≈≈≈≈.# ...
.....#..##.≈≈≈≈≈###.#
.....#.##..≈≈≈≈.....#
.....#.#...≈≈≈.....#####
..........≈≈≈≈≈≈.......#
..........≈≈≈≈≈........#
...........≈≈≈≈≈@†.....#
....#######≈≈≈≈S†.....[#
##.## #≈≈≈≈≈........#
...# #≈≈≈≈≈≈........#
...# #≈≈≈≈≈≈.≈###....#
.#.###≈≈≈≈≈≈≈.... ....#
...#.#######.###.# ####
...#.# .. .....#


You could see an adder.

Vanquished Creatures
  An adder (D:2)
  2 worms (D:2)
  A dart slug (D:2)
  4 giant cockroaches
  2 goblins
  4 hobgoblins
  4 jackals (D:2)
  A quokka (D:1)
  A bat (D:1)
  5 frilled lizards
  3 kobolds
  2 rats (D:1)
30 creatures vanquished.

Notes
Turn   | Place    | Note
-------+----------+-------------------------------------------
     0 | D:1      | Borgoz the Hill Orc Fighter began the quest for the Orb.
     0 | D:1      | Reached XP level 1. HP: 19/19 MP: 1/1
   117 | D:1      | Reached XP level 2. HP: 22/27 MP: 2/2
   763 | D:2      | Reached XP level 3. HP: 20/33 MP: 3/3
   943 | D:2      | Found a blossoming altar of Fedhas.
   944 | D:2      | Found an iron altar of Okawaru.
   958 | D:2      | Became a worshipper of Warmaster Okawaru
  1049 | D:2      | Reached skill level 4 in Fighting
  1068 | D:2      | HP: 1/33 [poisoned by an adder]
  1069 | D:2      | Succumbed to an adder's poison

Levels and vault maps discovered:
D:1:      co_arrival_square_in_a_square_in_a_square, layout_loops_ring
D:2:      layout_rooms, gammafunk_temple_overflow_statue,
          chequers_serial_rivers_large_a

Skill      XL: |  1  2  3 |
---------------+----------+-----
Axes           | 3 |  3.4
Fighting       | 4 |  4.0
Armour         | |  3.7
Dodging        | |  0.9
Shields        | |  3.7

Action                   || total
-------------------------++-------
Melee: War axe           ||    95
  Use: Potion            ||     2
Armor: Scale mail        ||    57
Dodge: Dodged            ||    57
Block: Shield            ||    64

Table legend:
 A = Non-vault XP
 B = Vault XP
 C = Vault XP percentage of total XP
 D = Non-vault monster count
 E = Vault monster count
 F = Vault count percentage of total count
                 A         B        C        D         E       F
            +---------+---------+-------+---------+---------+-------
      Total |      68 |       0 |   0.0 |      30 |       0 |   0.0
            +---------+---------+-------+---------+---------+-------
        D:1 |      24 |       0 |   0.0 |      16 |       0 |   0.0
        D:2 |      44 |       0 |   0.0 |      14 |       0 |   0.0
            +---------+---------+-------+---------+---------+-------
